 Dungeon Crawl Stone Soup version 0.17.1-3-g152610e (webtiles) character file.

2797 kaze the Nimble (level 9, -5/88 HPs)
             Began as a Troll Berserker on Mar 9, 2016.
             Was a High Priest of Trog.
             Slain by a killer bee (7 damage)
             ... on level 7 of the Dungeon.
             The game lasted 00:12:10 (4390 turns).

kaze the Nimble (Troll Berserker)                   Turns: 4390, Time: 00:12:10

Health: -5/88      AC:  7    Str: 30    XL:     9   Next: 43%
Magic:  8/8        EV: 12    Int:  3    God:    Trog [*****.]
Gold:   330        SH:  0    Dex:  9    Spells: 0 memorised, 8 levels left

rFire  . . .     SeeInvis .       - Unarmed
rCold  . . .     Clarity  .     A - +0 robe
rNeg   + . .     SustAt   .     (no shield)
rPois  .         Gourm    +     v - +2 hat
rElec  .         Spirit   .     (no cloak)
rCorr  .         Warding  +     (gloves unavailable)
rMut   .         Stasis   .     (boots unavailable)
MR     ++...                    y - amulet of warding
Stlth  +.........               (no ring)
                                (no ring)

@: lethally poisoned (-5 -> -5), exhausted, regenerating, slowed, very slow,
very resistant to hostile enchantments, very unstealthy
A: unfitting armour, claws 3, fast metabolism 3, gourmand, regeneration 2,
shaggy fur 1, tough skin 2
a: Berserk, Trog's Hand, Brothers in Arms, Burn Spellbooks, Renounce Religion


You were on level 7 of the Dungeon.
You worshipped Trog.
Trog was extremely pleased with you.
You were full.

You visited 1 branch of the dungeon, and saw 7 of its levels.

You collected 330 gold pieces.

Inventory:

Missiles
 b - a throwing net
 q - 9 large rocks (quivered)
Armour
 v - a +2 hat (worn)
 A - a +0 robe (worn)
Jewellery
 c - an uncursed amulet of clarity {unknown}
 y - an amulet of warding (around neck)
Wands
 a - a wand of draining (9)
 r - a wand of enslavement (3)
Scrolls
 g - 3 scrolls of fear
 i - 2 scrolls of random uselessness
 k - 4 scrolls of magic mapping
 o - 3 scrolls of teleportation
 t - 4 scrolls of enchant weapon
 w - 2 scrolls of immolation
Potions
 d - a potion of might
 e - a potion of lignification {unknown}
 f - a potion of brilliance
 h - a potion of ambrosia {unknown}
 j - a potion of flight
 m - a potion of resistance {unknown}
Comestibles
 l - 3 fruits
 p - a slice of pizza
 s - 2 beef jerkies
 z - 2 bread rations


   Skills:
 + Level 5.1 Fighting
 + Level 0.3 Throwing
 * Level 8.5 Dodging
 - Level 0.2 Stealth
 + Level 7.4 Unarmed Combat


You had 8 spell levels left.
You didn't know any spells.

Dungeon Overview and Level Annotations

Branches:
Dungeon (7/15)             Temple (0/1) D:6

Altars:
Dithmenos
Elyvilon
Gozag
Okawaru
Sif Muna
Vehumet
Xom

Shops:
D:6 }

Annotations:
D:5 Prince Ribbit


Innate Abilities, Weirdness & Mutations

You are too large for most types of armour.
You have claws for hands.
Your metabolism is lightning-fast.
You like to eat raw meat.
You heal very quickly.
You are covered in fur (AC +1).
You have very tough skin (AC +2).


Message History

You feel very sick. The killer bee barely misses you.
The killer bee stings you!
* * * LOW HITPOINT WARNING * * *
The killer bee stings you.
* * * LOW HITPOINT WARNING * * *
You are more poisoned.
The killer bee poisons you!
You feel sick. The killer bee barely misses you.
The killer bee stings you but does no damage.
You feel very sick. The killer bee barely misses you.
The killer bee stings you.
* * * LOW HITPOINT WARNING * * *
You feel sick. The killer bee barely misses you.
The killer bee closely misses you.
You feel sick. The killer bee closely misses you.
The killer bee barely misses you. The killer bee misses you.
You feel sick. The killer bee stings you.
* * * LOW HITPOINT WARNING * * *
The killer bee stings you!
You die...

......# #≈≈≈8.8≈≈≈# #.. ......#
##≈≈...≈≈## #..
......######8.8##################
......#....#.).#..†y........(....
......#.#.##8)8#.############.(((
......#.#.###.##.# #.###
......#.#.# #..yy# #.#
......#.#.# ####y# #..
......#.#.# #@# ###
#.#####.#.######.# #.#
#.#........# #.# #.##########
#.#####.# #.......# #########


You could see 3 killer bees.

Vanquished Creatures
  Pikel (D:7)
  Joseph (D:7)
  Sigmund (D:2)
  An orc warrior (D:7)
  A centaur (D:4)
  An ice beast (D:6)
  3 phantoms
  2 sky beasts
  A slave (D:7)
  A black bear (D:7)
  An ogre (D:6)
  2 giant frogs (D:6)
  A wyvern skeleton (D:6)
  A water moccasin skeleton (D:6)
  2 killer bees (D:7)
  A crimson imp (D:5)
  A jelly (D:6)
  2 orc priests (D:6)
  Ijyb (D:3)
  2 hounds (D:5)
  Jessica (D:2)
  5 orc wizards
  2 worker ants (D:4)
  A hound skeleton (D:6)
  Robin (D:2)
  10 adders
  2 worker ant zombies (D:5)
  3 shadow imps
  An ooze (D:2)
  An adder skeleton (D:5)
  3 worms
  4 giant geckos
  11 orcs
  4 giant cockroaches
  15 goblins
  5 hobgoblins
  7 jackals
  11 kobolds
  A quokka (D:4)
  A ball python (D:3)
  7 bats
  3 giant newts
  A quokka zombie (D:5)
  6 rats
133 creatures vanquished.

Notes
Turn   | Place    | Note
--------------------------------------------------------------
     0 | D:1      | kaze the Troll Berserker began the quest for the Orb.
     0 | D:1      | Reached XP level 1. HP: 22/22 MP: 0/0
   190 | D:1      | Reached XP level 2. HP: 27/29 MP: 1/1
   763 | D:2      | Noticed Sigmund
   776 | D:2      | Killed Sigmund
   776 | D:2      | Reached skill level 4 in Unarmed Combat
   776 | D:2      | Reached XP level 3. HP: 37/37 MP: 2/2
   776 | D:2      | Reached XP level 4. HP: 45/45 MP: 3/3
   776 | D:2      | Reached XP level 5. HP: 53/53 MP: 4/4
   777 | D:2      | Reached ** piety under Trog
   906 | D:2      | Noticed Jessica
   908 | D:2      | Killed Jessica
  1170 | D:2      | Noticed Robin
  1175 | D:2      | Killed Robin
  1175 | D:2      | Reached XP level 6. HP: 50/61 MP: 5/5
  1372 | D:2      | Found a radiant altar of Vehumet.
  1373 | D:2      | Found an iron altar of Okawaru.
  1373 | D:2      | Found a shadowy altar of Dithmenos.
  1375 | D:2      | Found a shimmering altar of Xom.
  1375 | D:2      | Found a white marble altar of Elyvilon.
  1683 | D:3      | Reached *** piety under Trog
  1876 | D:3      | Noticed Ijyb
  1889 | D:3      | Paralysed by Ijyb for 6 turns
  1901 | D:3      | Killed Ijyb
  2289 | D:4      | Found an opulent altar of Gozag.
  2565 | D:4      | Reached skill level 5 in Dodging
  2565 | D:4      | Reached XP level 7. HP: 28/68 MP: 6/6
  2722 | D:5      | Entered Level 5 of the Dungeon
  2732 | D:5      | Reached **** piety under Trog
  2784 | D:5      | Reached skill level 5 in Unarmed Combat
  2867 | D:5      | Found a shadowy altar of Dithmenos.
  3355 | D:5      | Noticed Prince Ribbit
  3387 | D:6      | Reached skill level 6 in Dodging
  3403 | D:6      | Found Cuesa's Quality Used Wands.
  3436 | D:6      | Reached XP level 8. HP: 59/78 MP: 7/7
  3711 | D:6      | Found a staircase to the Ecumenical Temple.
  3928 | D:7      | Reached skill level 7 in Dodging
  3960 | D:7      | Gained mutation: You tend to lose your temper in combat. [mutagenic meat]
  3961 | D:7      | Gained mutation: You have sharp toenails. [mutagenic meat]
  3962 | D:7      | Gained mutation: You are weak. (Str -2) [mutagenic meat]
  3963 | D:7      | Gained mutation: You can spit weak poison. [mutagenic meat]
  4038 | D:7      | Lost mutation: You have sharp toenails. [potion of cure mutation]
  4038 | D:7      | Lost mutation: You are weak. (Str -2) [potion of cure mutation]
  4038 | D:7      | Lost mutation: You can spit weak poison. [potion of cure mutation]
  4038 | D:7      | Lost mutation: You tend to lose your temper in combat. [potion of cure mutation]
  4085 | D:7      | Noticed Pikel
  4098 | D:7      | Killed Pikel
  4098 | D:7      | Reached ***** piety under Trog
  4098 | D:7      | Reached XP level 9. HP: 85/85 MP: 8/8
  4243 | D:7      | Reached skill level 8 in Dodging
  4272 | D:7      | Found a deep blue altar of Sif Muna.
  4318 | D:7      | Noticed Joseph
  4331 | D:7      | Killed Joseph
  4331 | D:7      | Reached skill level 5 in Fighting
  4390 | D:7      | HP: 2/88 [killer bee (4)]
  4390 | D:7      | Slain by a killer bee

Action                   |  1- 3 |  4- 6 |  7- 9 || total
-------------------------+-------+-------+-------++-------
Melee: Unarmed           |    51 |   196 |   195 ||   442
Throw: Large rock        |       |     3 |       ||     3
Invok: Berserk           |     1 |     1 |     6 ||     8
       Trog's Hand       |       |       |     3 ||     3
  Use: Potion            |       |     7 |     3 ||    10
       Scroll            |       |       |    13 ||    13
  Eat: Chunk             |     4 |    17 |    16 ||    37
       Bread ration      |       |       |     2 ||     2
       Meat ration       |       |       |     2 ||     2
